 Dungeon Crawl Stone Soup version 0.30-a0-222-ge547ba4400 (webtiles) character file.

Game seed: 17322287187120815493

204 sleeves the Slasher (level 5, -7/39 HPs)
             Began as a Barachi Reaver on Oct 8, 2022.
             Mangled by a gnoll
             ... wielding a +0 club
              (8 damage)
             ... on level 3 of the Dungeon.
             The game lasted 00:05:53 (2111 turns).

sleeves the Slasher (Barachi Reaver)                Turns: 2111, Time: 00:05:54

Health: -7/39      AC:  5    Str: 16    XL:     5   Next: 82%
Magic:  8/8        EV: 11    Int: 13    God:
Gold:   131        SH:  0    Dex: 10    Spells: 7/8 levels left

rFire   . . .      SeeInvis .    i - +1 short sword (vamp)
rCold   . . .      Faith    .    (no shield)
rNeg    . . .      Spirit   .    g - +0 ring mail
rPois   +          Reflect  .    (no helmet)
rElec   .          Harm     .    (no cloak)
rCorr   .          Rampage  .    (no gloves)
Will    .....                    (no boots)
Stlth   ..........               (no amulet)
HPRegen 0.26/turn                e - ring of poison resistance
MPRegen 0.11/turn                (no ring)

@: unable to hop, slow
A: amphibious, slowness 1, strong legs 1, +LOS
a: Hop


You were on level 3 of the Dungeon.
You visited 1 branch of the dungeon, and saw 3 of its levels.

You collected 131 gold pieces.

Inventory:

Hand Weapons
 a - a +0 falchion
 i - a +1 vampiric short sword (weapon)
   (You took it off a kobold on level 2 of the Dungeon)
Missiles
 d - a boomerang (quivered)
Armour
 g - a +0 ring mail (worn)
   (You found it on level 1 of the Dungeon)
Jewellery
 e - a ring of poison resistance (left hand)
   (You found it on level 1 of the Dungeon)
 j - a ring of flight
   (You found it on level 2 of the Dungeon)
Scrolls
 b - a scroll of immolation {unknown}
 h - 3 scrolls of identify {unknown}
 k - 2 scrolls of blinking {unknown}
 l - a scroll of fog {unknown}
Potions
 f - a potion of lignification


   Skills:
 - Level 2.4 Fighting
 + Level 7.6 Long Blades
 - Level 2.1 Dodging
 - Level 2.1 Spellcasting
 - Level 3.2 Conjurations


You had 7 spell levels left.
You knew the following spells:

 Your Spells              Type           Power      Damage    Failure   Level
a - Kiss of Death         Conj/Necr      20%        2d7       24%         1

Your spell library contained the following spells:

 Spells                   Type           Power      Damage    Failure   Level
 Momentum Strike          Conj/Tloc      10%        3d8       36%         2
 Blink                    Tloc           2%         N/A       58%         2
 Dazzling Flash           Conj/Hex       10%        N/A       58%         3
 Hailstorm                Conj/Ice       5%         3d4       58%         3
 Ignite Poison            Fire/Tmut/Pois 1%         N/A       82%         3
 Kindle Blastsparks       Fire/Tloc/Air  2%         2d10      82%         3
 Lesser Beckoning         Tloc           2%         N/A       82%         3
 Agony                    Necr           1%         N/A       100%        5
 Freezing Cloud           Conj/Ice/Air   2%         6-21      100%        5
 Silence                  Hex/Air        0%         N/A       100%        5


Dungeon Overview and Level Annotations

Branches:
Dungeon (3/15)

Altars:

Shops:
D:1 [   D:3 *


Innate Abilities, Weirdness & Mutations

You are amphibious.
You cover ground slowly.
You can hop short distances.
You have an extended range of vision and can be seen from far away.


Message History

You are poisoned.
The adder poisons you!
An adder is nearby!
An adder is nearby!
You slash the adder!
The adder is severely wounded.
You feel sick. The adder bites you.
You are too injured to fight recklessly!
You are too injured to fight recklessly!
You are too injured to fight recklessly!
You are too injured to fight recklessly!
You are too injured to fight recklessly!
You closely miss the adder.
The adder is severely wounded.
You feel sick. The adder bites you.
You completely miss the adder.
The adder is severely wounded.
You feel sick. The adder bites you but does no damage.
The adder closely misses you.
You barely miss the adder.
The adder is severely wounded.
You feel sick. The adder closely misses you.
You closely miss the adder.
The adder is severely wounded.
You feel sick. The adder closely misses you. The adder bites you.
* * * LOW HITPOINT WARNING * * *
You miss the adder.
The adder is severely wounded.
You feel sick.
You are no longer poisoned.
The adder bites you.
* * * LOW HITPOINT WARNING * * *
You miss the adder.
The adder is severely wounded.
The adder barely misses you.
You aren't carrying any items that you can evoke.
Unknown command.
You miss the adder.
The adder is severely wounded.
The adder closely misses you. The adder bites you but does no damage.
You barely miss the adder.
The adder is severely wounded.
The adder bites you.
* * * LOW HITPOINT WARNING * * *
You hit the adder.
You kill the adder!
Your Long Blades skill increases to level 5!
You have reached level 3!
Your experience leads to an increase in your attributes!
Increase (S)trength, (I)ntelligence, or (D)exterity?
You feel stronger. x2
You start resting.
HP restored.
You open the door.
Found a stone staircase leading down.
Found a faded altar of an unknown god.
There is an open door here.
h - 2 scrolls labelled TEUDUA XIOWOO (gained 1)
A bat and a goblin come into view.
The goblin shouts!
The bat closely misses you. The bat barely misses you.
The goblin closely misses you.
You barely miss the goblin. The bat hits you. The goblin closely misses you.
You hit the goblin.
The goblin is heavily wounded.
The bat hits you but does no damage. The goblin hits you but does no damage.
You closely miss the goblin.
The goblin is heavily wounded.
The bat hits you but does no damage. The goblin closely misses you.
You closely miss the goblin.
The goblin is heavily wounded.
The bat hits you but does no damage. The goblin closely misses you.
The bat barely misses you.
You barely miss the goblin.
The goblin is heavily wounded.
The goblin hits you but does no damage. The bat hits you but does no damage.
You slash the goblin!
You kill the goblin!
The bat barely misses you. The bat hits you but does no damage. x2
You hit the bat.
The bat is moderately wounded.
The bat hits you but does no damage. The bat closely misses you.
The bat barely misses you.
You slash the bat!
You kill the bat!
No target in view!
No target in view!
You now have 75 gold pieces (gained 15).
You pick up a book of the Senses and begin reading...
You add the spells Dazzling Flash, Agony and Silence to your library.
You open the door.
There is an open door here.
Found 4 stones.
A bat comes into view.
A bat is nearby!
You closely miss the bat. The bat hits you but does no damage.
You closely miss the bat. The bat closely misses you.
The bat hits you but does no damage. The bat barely misses you.
The bat closely misses you.
You hit the bat.
You kill the bat!
No target in view!
No target in view!
Okay, then.
You now have 88 gold pieces (gained 13).
A giant cockroach comes into view.
You see here a bat corpse.
A giant cockroach is nearby!
A giant cockroach is nearby!
A dart slug comes into view.
You see here 4 stones.
Found 8 gold pieces.
You hit the dart slug.
The dart slug is heavily wounded.
The giant cockroach barely misses you. The dart slug barely misses you.
The giant cockroach barely misses you.
You slash the dart slug!
You kill the dart slug!
The giant cockroach barely misses you.
You hit the giant cockroach.
The giant cockroach is almost dead.
The giant cockroach bites you but does no damage.
You hit the giant cockroach but do no damage.
The giant cockroach is almost dead.
The giant cockroach bites you but does no damage.
A rat comes into view.
You hit the giant cockroach.
You kill the giant cockroach!
A frilled lizard and a kobold come into view.
The kobold is wielding a +1 vampiric short sword.
The frilled lizard hisses angrily.
The kobold shouts!
The kobold throws a stone.
The stone hits you but does no damage.
You see here a giant cockroach corpse.
A dart slug comes into view.
You see here a giant cockroach corpse.
The kobold throws a stone.
The stone barely misses you.
You see here 4 stones.
You see here a bat corpse.
The kobold throws a stone.
The stone closely misses you.
The rat twitches its whiskers.
There is an open door here.
You closely miss the rat. The rat barely misses you.
You hit the rat.
You kill the rat!
You miss the frilled lizard. The frilled lizard barely misses you.
You slash the frilled lizard!
You kill the frilled lizard!
You swing at nothing.
The kobold throws a stone.
The stone barely misses you.
You swing at nothing.
You hit the kobold.
You kill the kobold!
You swing at nothing.
You swing at nothing.
You swing at nothing.
You swing at nothing.
You hit the dart slug.
The dart slug is moderately wounded.
The dart slug launches a dart at you. The slug dart misses you.
You hit the dart slug.
The dart slug is moderately wounded.
The dart slug closely misses you.
You hit the dart slug.
The dart slug is almost dead.
You hit the dart slug.
You kill the dart slug!
Items here: ( ) ††.
There are no items here.
Items here: ( ) ††.
i - a +1 vampiric short sword You feel a sense of dread.
i - a +1 vampiric short sword (weapon)
Found an escape hatch in the ceiling.
You now have 96 gold pieces (gained 8).
A goblin comes into view. It is wielding a +0 club.
The goblin shouts!
You hear a shout!
A rat comes into view.
There are monsters nearby!
The rat twitches its whiskers.
You hit the goblin.
The goblin is heavily wounded.
The goblin barely misses you.
You hit the goblin.
You kill the goblin!
A gnoll comes into view. It is wielding a +0 flail.
You hit the rat.
You kill the rat!
The gnoll barely misses you.
You barely miss the gnoll. The gnoll barely misses you.
You hit the gnoll.
The gnoll is moderately wounded.
The gnoll closely misses you.
You closely miss the gnoll.
The gnoll is lightly wounded.
The gnoll hits you with a +0 flail!
You hit the gnoll.
You feel better.
The gnoll is moderately wounded.
The gnoll hits you but does no damage.
You closely miss the gnoll.
The gnoll is moderately wounded.
The gnoll misses you.
You hit the gnoll.
You feel better.
The gnoll is moderately wounded.
You barely miss the gnoll.
The gnoll is moderately wounded.
The gnoll barely misses you.
You barely miss the gnoll.
The gnoll is moderately wounded.
The gnoll hits you with a +0 flail!
You are too injured to fight recklessly!
You are too injured to fight recklessly!
You are too injured to fight recklessly!
You barely miss the gnoll.
The gnoll is moderately wounded.
The gnoll closely misses you.
You hit the gnoll.
You feel better.
The gnoll is heavily wounded.
The gnoll misses you.
You closely miss the gnoll. You punch the gnoll, but do no damage.
The gnoll is heavily wounded.
You hit the gnoll but do no damage.
The gnoll is heavily wounded.
The gnoll barely misses you.
You hit the gnoll.
The gnoll is severely wounded.
The gnoll barely misses you.
You closely miss the gnoll.
The gnoll is severely wounded.
The gnoll barely misses you.
You hit the gnoll.
You feel better.
The gnoll is severely wounded.
The gnoll barely misses you.
You hit the gnoll but do no damage.
The gnoll is severely wounded.
The gnoll hits you with a +0 flail.
* * * LOW HITPOINT WARNING * * *
You barely miss the gnoll.
The gnoll is severely wounded.
The gnoll misses you.
You closely miss the gnoll.
The gnoll is severely wounded.
You hit the gnoll.
You feel better.
You kill the gnoll!
A rat comes into view.
Things that are here:
a +0 flail; 5 gold pieces You see here a ring of flight.
j - a ring of flight You barely miss the rat.
You hit the rat.
You kill the rat!
You see here a rat corpse.
A gnoll comes into view. It is wielding a +0 spear.
A gnoll is nearby!
A gnoll is nearby!
Found a scroll labelled DIWAOBRIOF.
A frilled lizard comes into view.
There is an escape hatch in the ceiling here.
The frilled lizard hisses angrily.
A mysterious force pulls you upwards. The hatch slams shut behind you.
You start resting.
HP restored.
(D) Dungeon
Where to? (Enter - D:2, ? - help)
There is a stone staircase leading down here.
You climb downwards.
There is a stone staircase leading up here.
An endoplasm comes into view.
The endoplasm quivers.
An endoplasm is nearby!
An endoplasm is nearby!
You hit the endoplasm.
The endoplasm is severely wounded.
The endoplasm freezes you.
You are frozen.
You hit the endoplasm.
The endoplasm is severely wounded.
The endoplasm barely misses you.
You hit the endoplasm.
You feel better.
You kill the endoplasm!
No target in view!
HP restored.
You open the door.
There is an open door here.
Found a stone staircase leading down. 2 gnolls come into view.
The gnoll shouts!
Things that are here:
5 gold pieces; a +0 flail
There are monsters nearby!
The gnoll hits you with a +0 spear.
You hit the gnoll.
The gnoll is moderately wounded.
The gnoll hits you with a +0 spear.
You hit the gnoll but do no damage.
The gnoll is moderately wounded.
The gnoll hits you with a +0 spear.
You hit the gnoll but do no damage.
The gnoll is moderately wounded.
The gnoll misses you.
You hit the gnoll.
The gnoll is heavily wounded.
You hit the gnoll but do no damage.
The gnoll is heavily wounded.
The gnoll hits you with a +0 spear.
You hit the gnoll.
You feel better.
The gnoll is severely wounded.
The gnoll completely misses you.
You hit the gnoll.
You feel better.
You kill the gnoll!
You have reached level 4!
You feel stronger.
You hit the gnoll.
You feel better.
The gnoll is lightly wounded.
The gnoll hits you but does no damage.
You barely miss the gnoll.
The gnoll is lightly wounded.
The gnoll hits you with a +0 club.
You hit the gnoll.
You feel better.
The gnoll is moderately wounded.
You hit the gnoll.
The gnoll is moderately wounded.
The gnoll misses you.
You hit the gnoll.
You feel better.
The gnoll is heavily wounded.
The gnoll hits you with a +0 club.
You hit the gnoll.
The gnoll is severely wounded.
The gnoll misses you.
You closely miss the gnoll.
The gnoll is severely wounded.
The gnoll hits you with a +0 club.
You hit the gnoll.
The gnoll is severely wounded.
You hit the gnoll.
You feel better.
You kill the gnoll!
Your Long Blades skill increases to level 6!
k - 2 scrolls labelled KOKHUA OLLIRAMETH
Things that are here:
a +0 club; a +0 spear; a gnoll corpse You now have 101 gold pieces (gained 5).
You see here a +0 flail.
You now have 118 gold pieces (gained 17).
Found an escape hatch in the floor.
l - a scroll labelled DIWAOBRIOF
There is an escape hatch in the floor here.
m - a coppery potion A kobold comes into view.
It is wielding a +0 club.
The kobold shouts!
A kobold is nearby!
A kobold is nearby!
The kobold closely misses you. The kobold hits you but does no damage.
You barely miss the kobold. You barely miss the kobold.
The kobold hits you but does no damage.
You hit the kobold but do no damage. The kobold misses you.
You hit the kobold.
You kill the kobold!
No target in view!
No target in view!
You now have 131 gold pieces (gained 13).
Things that are here:
a +0 club; 5 stones; a kobold corpse You open the door.
A hobgoblin comes into view.
The hobgoblin shouts!
A hobgoblin is nearby!
A hobgoblin is nearby!
You barely miss the hobgoblin. You hit the hobgoblin.
Your punch misses the hobgoblin.
The hobgoblin is severely wounded.
The hobgoblin hits you.
You closely miss the hobgoblin.
The hobgoblin is severely wounded.
The hobgoblin barely misses you.
You hit the hobgoblin.
You feel better.
You kill the hobgoblin!
No target in view!
No target in view!
You open the door.
There is an open door here.
You open the door.
A quokka comes into view.
A quokka is nearby!
A quokka is nearby!
There is an open door here.
You hit the quokka.
The quokka is lightly wounded.
The quokka bites you.
You miss the quokka.
The quokka is lightly wounded.
The quokka barely misses you.
You miss the quokka.
The quokka is lightly wounded.
The quokka bites you but does no damage.
You hit the quokka but do no damage.
The quokka is lightly wounded.
The quokka closely misses you.
You hit the quokka but do no damage.
The quokka is lightly wounded.
The quokka bites you but does no damage.
You closely miss the quokka.
The quokka is lightly wounded.
The quokka bites you.
You hit the quokka.
The quokka is heavily wounded.
The quokka twitches its whiskers.
The quokka barely misses you.
You closely miss the quokka.
The quokka is heavily wounded.
The quokka bites you.
You closely miss the quokka.
The quokka is heavily wounded.
The quokka bites you.
You hit the quokka.
You kill the quokka!
No target in view!
No target in view!
No target in view!
No target in view!
No target in view!
No target in view!
Found a stone staircase leading up.
You open the door.
There is an open door here.
There is an open door here.
You see here 4 stones.
Found a stone staircase leading down.
An endoplasm comes into view.
The endoplasm quivers.
The endoplasm freezes you.
You are frozen.
You hit the endoplasm.
You feel better.
The endoplasm is lightly wounded.
The endoplasm closely misses you.
You hit the endoplasm.
You feel better.
You kill the endoplasm!
No target in view!
No target in view!
No target in view!
No target in view!
No target in view!
No target in view!
There is a stone staircase leading down here.
A frilled lizard comes into view.
The frilled lizard hisses angrily.
A frilled lizard is nearby!
A frilled lizard is nearby!
You miss the frilled lizard. The frilled lizard bites you.
You barely miss the frilled lizard. You hit the frilled lizard.
You feel better.
You kill the frilled lizard!
No target in view!
No target in view!
No target in view!
No target in view!
Done exploring.
Done exploring.
Done exploring.
(D) Dungeon
Where to? (Enter - D:2, ? - help)
There is a stone staircase leading down here.
You climb downwards.
Found a stone staircase leading down.
There is a stone staircase leading up here.
Unknown command.
f - 2 viscous dark potions (gained 1)
An adder comes into view.
An adder is nearby!
An adder is nearby!
The adder hisses angrily.
You miss the adder. The adder bites you but does no damage.
You miss the adder. The adder bites you.
You are poisoned.
The adder poisons you!
You hit the adder.
You feel better.
The adder is lightly wounded.
You feel sick. The adder bites you.
You closely miss the adder.
The adder is lightly wounded.
You feel sick. The adder barely misses you.
You hit the adder.
You feel better.
The adder is heavily wounded.
The adder bites you.
You hit the adder.
You feel better.
The adder is almost dead.
You feel sick. The adder barely misses you.
You barely miss the adder.
The adder is almost dead.
You feel sick. The adder bites you.
You barely miss the adder.
The adder is almost dead.
You feel sick. The adder barely misses you.
You hit the adder.
You kill the adder!
You feel sick.
You are no longer poisoned.
No target in view!
HP restored.
You see here an adder corpse.
Found Ninacwo's General Store.
Found 3 stones.
There is an entrance to Ninacwo's General Store here.
You can access your shopping list by pressing '$'.
Okay, then.
A rat comes into view.
Found 4 javelins.
A rat is nearby!
A rat is nearby!
You hit the rat but do no damage. The rat misses you.
You hit the rat.
You kill the rat!
No target in view!
No target in view!
h - 3 scrolls labelled TEUDUA XIOWOO (gained 1)
c - 7 javelins (gained 4)
An orc comes into view. It is wielding a +0 short sword.
The orc shouts!
An orc comes into view. It is wielding a +0 hand axe.
There are monsters nearby!
The orc shouts!
You hear a shout! x3
An orc comes into view. It is wielding a +0 club.
You see here an adder corpse.
An orc priest comes into view. It is wielding a +0 short sword.
You aren't carrying any items that you can evoke.
You hit the orc.
The orc is heavily wounded.
You barely miss the orc.
The orc is heavily wounded.
You hit the orc.
You kill the orc!
You hit the orc. You punch the orc.
The orc is severely wounded.
You hit the orc.
The orc is almost dead.
The orc priest mumbles some strange prayers to Beogh against you.
Pain shoots through your body! The orc hits you with a +0 short sword.
The orc shouts!
You hit the orc but do no damage.
The orc is severely wounded.
You hit the orc.
You kill the orc!
You hit the orc priest but do no damage.
The orc priest misses you.
You hit the orc priest but do no damage.
The orc priest hits you with a +0 short sword.
You hit the orc priest.
The orc priest is lightly wounded.
The orc priest casts a cantrip, but nothing happens.
You barely miss the orc priest.
The orc priest is lightly wounded.
The orc priest closely misses you.
You closely miss the orc priest.
The orc priest is lightly wounded.
The orc priest hits you but does no damage.
Unknown command.
You hit the orc priest but do no damage.
The orc priest is lightly wounded.
You barely miss the orc priest.
The orc priest is lightly wounded.
Hop to where?
Press: ? - help, Dir - move target Boing!
The orc priest calls down the wrath of Beogh upon you.
You barely resist.
There is a stone staircase leading up here.
You climb upwards.
There is a stone staircase leading down here.
You start resting.
You are ready to hop once more.
You start resting.
HP restored.
You climb downwards.
There is a stone staircase leading up here.
The orc barely misses you.
The orc priest invokes the aid of Beogh against you.
Beogh smites you!
You climb upwards.
There is a stone staircase leading down here.
You hit the orc.
The orc is moderately wounded.
The orc hits you but does no damage.
You hit the orc but do no damage.
The orc is moderately wounded.
The orc hits you with a +0 club.
You are too injured to fight recklessly!
You are too injured to fight recklessly!
You are too injured to fight recklessly!
You are too injured to fight recklessly!
You are too injured to fight recklessly!
You are too injured to fight recklessly!
You closely miss the orc.
The orc is moderately wounded.
The orc hits you but does no damage.
You hit the orc.
You feel better.
You kill the orc!
You see here a +0 club.
You start resting.
HP restored.
There is a stone staircase leading down here.
You climb downwards.
There is a stone staircase leading up here.
The orc priest looks braver for a moment.
The orc priest mumbles some strange prayers to Beogh against you.
Beogh smites you!
You climb upwards.
There is a stone staircase leading down here.
You start resting.
HP restored.
You climb downwards.
There is a stone staircase leading up here.
You barely miss the orc priest.
The orc priest hits you with a +0 short sword.
You hit the orc priest.
The orc priest is lightly wounded.
The orc priest barely misses you.
You hit the orc priest but do no damage.
The orc priest is lightly wounded.
The orc priest barely misses you.
You hit the orc priest but do no damage.
The orc priest is lightly wounded.
The orc priest closely misses you.
You hit the orc priest.
The orc priest is lightly wounded.
You hit the orc priest.
The orc priest is moderately wounded.
The orc priest casts a cantrip, but nothing happens.
You closely miss the orc priest.
The orc priest is moderately wounded.
The orc priest misses you.
You hit the orc priest.
The orc priest is heavily wounded.
The orc priest invokes the aid of Beogh against you.
Pain shoots through your body!
You hit the orc priest.
You feel better.
The orc priest is heavily wounded.
The orc priest invokes the aid of Beogh against you.
Beogh smites you!
You are too injured to fight recklessly!
You are too injured to fight recklessly!
You are too injured to fight recklessly!
You are too injured to fight recklessly!
You are too injured to fight recklessly!
You are too injured to fight recklessly!
You are too injured to fight recklessly!
You hit the orc priest but do no damage.
The orc priest is heavily wounded.
You barely miss the orc priest.
The orc priest is heavily wounded.
The orc priest hits you but does no damage.
You hit the orc priest but do no damage.
The orc priest is heavily wounded.
The orc priest mumbles some strange prayers to Beogh against you.
Pain shoots through your body!
* * * LOW HITPOINT WARNING * * *
You hit the orc priest.
The orc priest is severely wounded.
The orc priest hits you but does no damage.
You hit the orc priest but do no damage.
The orc priest is severely wounded.
The orc priest hits you but does no damage.
You hit the orc priest but do no damage.
The orc priest is severely wounded.
You hit the orc priest.
You feel better.
The orc priest is severely wounded.
The orc priest completely misses you.
You hit the orc priest.
You feel better.
You kill the orc priest!
You have reached level 5!
Things that are here:
a +0 short sword; a +0 leather armour; an orc corpse HP restored.
There is a stone staircase leading up here.
There is a stone staircase leading down here.
A ball python comes into view.
The ball python hisses angrily.
A ball python is nearby!
A bat comes into view.
You hit the ball python.
The ball python is severely wounded.
The bat hits you but does no damage. The ball python bites you.
The ball python grabs you. The ball python constricts you.
You hit the ball python.
You kill the ball python!
The bat barely misses you. The bat hits you.
You hit the bat.
You kill the bat!
No target in view!
A kobold and an orc come into view.
The orc is wielding a +1 dagger of draining.
The kobold shouts!
The kobold moves out of view.
An orc is nearby!
An orc is nearby!
An orc and an orc wizard come into view.
Found a dagger.
Found a stone staircase leading down.
The orc shouts!
The orc wizard shouts!
You hear an angry hiss.
You hear a shout!
An orc comes into view. It is wielding a +0 club.
An orc comes into view. It is wielding a +1 vorpal hand axe.
You hear a shout!
The orc shouts! x2
Unknown command.
An adder comes into view.
You completely miss the orc.
The orc wizard mumbles some strange words.
The orc wizard flickers and vanishes!
Deactivating autopickup; reactivate with Ctrl-A.
The orc hits you with a +1 dagger of draining.
You feel drained.
You hit the orc.
The orc is heavily wounded.
The orc hits you but does no damage.
You feel drained.
You hit the orc but do no damage.
The orc is heavily wounded.
You barely miss the orc.
The orc is heavily wounded.
The orc hits you but does no damage.
You feel drained.
You hit the orc.
The orc is severely wounded.
The orc hits you but does no damage.
You feel drained.
You closely miss the orc.
The orc is severely wounded.
The orc hits you with a +1 dagger of draining.
You feel drained.
You hit the orc but do no damage.
The orc is severely wounded.
The orc hits you but does no damage.
You feel drained.
You hit the orc but do no damage.
The orc is severely wounded.
You barely miss the orc.
The orc is severely wounded.
The orc hits you with a +1 dagger of draining.
You feel drained.
You hit the orc.
You kill the orc!
You hit the orc.
The orc is heavily wounded.
The orc misses you.
You barely miss the orc.
The orc is heavily wounded.
The orc hits you with a +1 vorpal hand axe.
You hit the orc.
You feel better.
You kill the orc!
You swing at nothing.
You miss something.
You hear some strange, mumbled words.
You are confused.
You bump into the rock wall.
Something hits you!
You completely miss something. Something hits you.
You barely miss something. Something hits you!
* * * LOW HITPOINT WARNING * * *
It was a potion of curing.
You feel better.
You hit the orc.
You feel better.
The orc is almost dead.
The orc hits you but does no damage. Something hits you but does no damage.
You hit something but do no damage.
You hear some strange, mumbled words.
Something tries to affect you, but you resist.
You hit something but do no damage. You closely miss something.
You hear some strange, mumbled words.
A puff of flame appears from out of thin air!
The puff of flame hits you!
* * * LOW HITPOINT WARNING * * *
The kobold throws a stone.
The stone misses you.
You hit something.
You feel better.
You hear some strange, mumbled words.
A puff of flame appears from out of thin air!
The puff of flame hits you.
* * * LOW HITPOINT WARNING * * *
The kobold throws a stone.
The stone hits you but does no damage.
It was a potion of lignification.
You turn into a tree.
Your +0 ring mail melds into your body.
Your roots penetrate the ground.
Something hits you but does no damage.
You closely miss something. Your punch misses something. Something hits you!
* * * LOW HITPOINT WARNING * * *
The kobold throws a stone.
You feel better. Something hits you but does no damage.
The kobold throws a stone.
The stone hits you but does no damage.
You completely miss something.
You hear some strange, mumbled words.
Something tries to affect you, but you resist.
You miss something. You hit something but do no damage.
Something hits you but does no damage.
You closely miss something.
You hear some strange, mumbled words.
Something tries to affect you, but you resist.
You miss something. Something hits you but does no damage.
You miss something.
You hear some strange, mumbled words.
Something tries to affect you, but you resist.
You miss something. Something hits you but does no damage.
The kobold throws a stone.
The stone hits you but does no damage.
You barely miss something. You hit something. Something hits you.
* * * LOW HITPOINT WARNING * * *
You barely miss something.
You hear some strange, mumbled words.
A puff of flame appears from out of thin air!
The puff of flame hits you but does no damage.
You closely miss something. Something hits you but does no damage.
The kobold throws a stone.
The stone hits you but does no damage.
You miss something. Something hits you.
* * * LOW HITPOINT WARNING * * *
You hit something but do no damage.
It was a potion of might.
You feel very mighty all of a sudden.
You hear some strange, mumbled words.
A puff of flame appears from out of thin air!
The puff of flame hits you but does no damage.
You barely miss something. Something hits you but does no damage.
The kobold throws a stone.
You puncture something!
You feel better.
An orc wizard appears from thin air!
Reactivating autopickup.
The orc wizard casts a spell at you.
The puff of flame hits you but does no damage.
You puncture the orc wizard!
You kill the orc wizard!
Your Long Blades skill increases to level 7!
You completely miss the orc.
The orc is severely wounded.
The orc hits you but does no damage.
You puncture the orc!
You kill the orc!
You miss the adder. The adder barely misses you.
You closely miss the adder. The adder bites you.
* * * LOW HITPOINT WARNING * * *
You closely miss the adder. The adder bites you but does no damage.
You hit the adder but do no damage. The adder bites you but does no damage.
You closely miss the adder. The adder bites you.
* * * LOW HITPOINT WARNING * * *
The adder bites you but does no damage.
You closely miss the adder. The adder bites you but does no damage.
You miss the adder. The adder bites you.
* * * LOW HITPOINT WARNING * * *
You puncture the adder!
You kill the adder!
You barely miss the kobold. The kobold hits you but does no damage.
You hit the kobold.
You feel better.
You kill the kobold!
You swing at nothing.
The orc throws a boomerang.
The boomerang hits you.
* * * LOW HITPOINT WARNING * * *
You swing at nothing.
You puncture the orc!
You feel better.
You kill the orc!
You cannot move.
You start resting.
Your transformation is almost over.
You feel less wooden.
Your +0 ring mail unmelds from your body.
You start resting.
You feel a little less mighty now.
You start resting.
A rat comes into view.
The rat misses you.
Items here: (( )))) [ ††††.
You hit the rat but do no damage. The rat barely misses you.
You closely miss the rat. You hit the rat.
The rat is severely wounded.
The rat bites you but does no damage.
You hit the rat.
You feel better.
You kill the rat!
You see here a rat corpse.
d - a boomerang
Items here: ( )))) [ ††††.
HP restored.
Items here: ( )))) [ ††††.
You see here a rat corpse.
Items here: )) [ ††.
Found a stone staircase leading up.
A goblin comes into view. It is wielding a +0 club.
The goblin shouts!
You see here a +0 dagger.
You hit the goblin.
The goblin is severely wounded.
The goblin hits you with a +0 club.
You hit the goblin.
You feel better.
You kill the goblin!
No target in view!
No target in view!
You pick up a Trismegistus Codex and begin reading...
You add the spells Kindle Blastsparks, Ignite Poison and Freezing Cloud to your library.
A ball python comes into view.
The ball python hisses angrily.
A ball python is nearby!
You closely miss the ball python. The ball python barely misses you. x2
You hit the ball python.
You kill the ball python!
No target in view!
No target in view!
No target in view!
No target in view!
Okay, then.
A gnoll comes into view. It is wielding a +0 halberd.
A gnoll is nearby!
A gnoll is nearby!
A gnoll comes into view. It is wielding a +0 halberd.
The gnoll barely misses you. 2 gnolls come into view.
The gnoll shouts! x3
The gnoll barely misses you.
You hit the gnoll but do no damage. The gnoll hits you but does no damage.
You aren't carrying any items that you can evoke.
Throw: 7 javelins
Press: ? - help, Q - select action, (/) - cycle Shift-Dir - straight line, f - gnoll
Aim: a gnoll, wielding a +0 halberd (60% to hit)
You throw a javelin. The javelin pierces through the gnoll!
The gnoll is severely wounded.
The javelin pierces through the gnoll.
The gnoll is heavily wounded.
The javelin pierces through the gnoll but does no damage.
The javelin pierces through the gnoll.
The gnoll is heavily wounded.
The gnoll hits you with a +0 halberd!
A frilled lizard comes into view.
The gnoll barely misses you. The gnoll hits you but does no damage.
The gnoll attacks as you move away! The gnoll hits you but does no damage.
The frilled lizard hisses angrily.
The gnoll barely misses you.
Throw: 6 javelins
Press: ? - help, Q - select action, (/) - cycle Shift-Dir - straight line, f - gnoll
Aim: a gnoll, wielding a +0 halberd (severely wounded, 60% to hit)
You throw a javelin. The javelin closely misses the gnoll.
The javelin pierces through the gnoll.
The gnoll is heavily wounded.
A rat comes into view.
The gnoll closely misses you.
Throw: 5 javelins
Press: ? - help, Q - select action, (/) - cycle Shift-Dir - straight line, f/p - gnoll
Aim: a gnoll, wielding a +0 halberd (severely wounded, 60% to hit)
You throw a javelin. The javelin closely misses the gnoll.
The javelin pierces through the gnoll.
The gnoll is almost dead.
The javelin misses the frilled lizard.
The gnoll hits you from afar with a +0 halberd.
* * * LOW HITPOINT WARNING * * *
The gnoll hits you from afar with a +0 halberd!
* * * LOW HITPOINT WARNING * * *
The gnoll barely misses you.
Hop to where?
Press: ? - help, Dir - move target, p - gnoll Boing!
Throw: 4 javelins
Press: ? - help, Q - select action, (/) - cycle Shift-Dir - straight line, f - gnoll
Aim: a gnoll, wielding a +0 club (severely wounded, 60% to hit)
You throw a javelin. The javelin pierces through the gnoll!
The gnoll is heavily wounded.
The javelin barely misses the gnoll.
The javelin pierces through the gnoll.
You kill the gnoll!
Throw: 3 javelins
Press: ? - help, Q - select action, (/) - cycle Shift-Dir - straight line, f - gnoll
Aim: a gnoll, wielding a +0 halberd (severely wounded, 60% to hit)
You throw a javelin. The javelin closely misses the gnoll.
The javelin pierces through the gnoll!
You kill the gnoll!
The javelin barely misses the rat.
The gnoll closely misses you. The gnoll barely misses you.
Throw: 2 javelins
Press: ? - help, Q - select action, (/) - cycle Shift-Dir - straight line, f - gnoll
Aim: a gnoll, wielding a +0 halberd (heavily wounded, 60% to hit)
You throw a javelin.
The javelin closely misses the gnoll. x2
The gnoll closely misses you.
Throw: javelin
Press: ? - help, Q - select action, (/) - cycle Shift-Dir - straight line, f/p - gnoll
Aim: a gnoll, wielding a +0 halberd (heavily wounded, 60% to hit)
You throw a javelin. The javelin pierces through the gnoll.
The gnoll is severely wounded.
The javelin pierces through the gnoll.
The gnoll is heavily wounded.
The gnoll hits you from afar with a +0 halberd!
* * * LOW HITPOINT WARNING * * *
The gnoll closely misses you.
Okay, then.
You aren't carrying any items that you can evoke.
Throw: boomerang
Press: ? - help, Q - select action, (/) - cycle Shift-Dir - straight line, f/p - gnoll
Aim: a gnoll, wielding a +0 halberd (severely wounded, 60% to hit)
You throw a boomerang. The boomerang hits the gnoll.
You kill the gnoll!
Your life force feels restored.
Throw: boomerang
Press: ? - help, Q - select action, (/) - cycle Shift-Dir - straight line, f - gnoll
Aim: a gnoll, wielding a +0 club (heavily wounded, 60% to hit)
You throw a boomerang. The boomerang hits the gnoll.
The gnoll is heavily wounded.
You hit the gnoll.
You feel better.
The gnoll is severely wounded.
The rat closely misses you.
A goblin comes into view.
It is wielding a +3 dagger of venom and carrying a wand of quicksilver (5).
The gnoll hits you with a +0 club.
* * * LOW HITPOINT WARNING * * *
You barely miss the gnoll.
The gnoll is severely wounded.
The goblin shouts!
The rat barely misses you. The gnoll hits you but does no damage.
You hit the gnoll.
The gnoll is severely wounded.
The rat bites you but does no damage. The gnoll hits you with a +0 club!
You die...

#.#.....# ##.# #...# #.#..##.##
#.# #...# #.#.##...## #.# #g..#
#### #.#.#..~..#####.# #.# ....
#.#...~~~....##.# ####.##l.#..#
..###..~..##.##.####.gg.g.g.r.(#
.#####...##..........#(####....#
.....##.##....#r###)...# .##
.###..#.......#.@g)(####
.##..###......g.#####
###.####.).)..#.#
....†)........#.#
###)###.......#.# # #.#
#.......#.# # #.# #.....>.#.# #
#.# #..<....#.# # ..# #.........


You could see a gnoll, a goblin and a rat.

Vanquished Creatures
  An orc priest (D:3)
  An orc wizard (D:3)
  6 gnolls
  3 adders
  2 dart slugs (D:2)
  7 orcs
  2 ball pythons (D:3)
  8 bats
  4 endoplasms
  2 giant cockroaches
  3 goblins
  3 hobgoblins
  2 quokkas
  4 frilled lizards
  5 kobolds
  6 rats
59 creatures vanquished.

Notes
Turn   | Place    | Note
-------+----------+-------------------------------------------
     0 | D:1      | sleeves the Barachi Reaver began the quest for the Orb.
     0 | D:1      | Reached XP level 1. HP: 17/17 MP: 3/3
   108 | D:1      | HP: 8/17 [hobgoblin (3)]
   112 | D:1      | Reached skill level 4 in Long Blades
   167 | D:1      | Found Tarhigho's Armour Shoppe.
   192 | D:1      | Reached XP level 2. HP: 23/23 MP: 5/5
   263 | D:1      | HP: 11/23 [frozen (2)]
   744 | D:2      | HP: 11/23 [poisoned by an adder]
   747 | D:2      | HP: 4/23 [adder (3)]
   752 | D:2      | Reached skill level 5 in Long Blades
   752 | D:2      | Reached XP level 3. HP: 5/28 MP: 6/6
   882 | D:2      | Found a faded altar of an unknown god.
  1019 | D:2      | HP: 14/28 [gnoll/+0 flail (5)]
  1141 | D:2      | Reached XP level 4. HP: 26/34 MP: 7/7
  1150 | D:2      | Reached skill level 6 in Long Blades
  1487 | D:3      | Found Ninacwo's General Store.
  1730 | D:3      | HP: 14/34 [orc priest/nerve-wracking pain (5)]
  1736 | D:3      | Reached XP level 5. HP: 21/39 MP: 8/8
  1866 | D:3      | HP: 9/32 [something (8)]
  1872 | D:3      | HP: 11/32 [something/puff of flame (9)]
  1875 | D:3      | HP: 4/48 [something (7)]
  1885 | D:3      | HP: 8/48 [something (6)]
  1888 | D:3      | HP: 3/48 [something (6)]
  1894 | D:3      | Reached skill level 7 in Long Blades
  1897 | D:3      | HP: 9/52 [adder (3)]
  1902 | D:3      | HP: 7/52 [adder (1)]
  2098 | D:3      | HP: 17/36 [gnoll/+0 halberd (5)]
  2098 | D:3      | HP: 7/36 [gnoll/+0 halberd (10)]
  2106 | D:3      | HP: 3/38 [gnoll/+0 halberd (7)]
  2109 | D:3      | HP: 1/39 [gnoll/+0 club (4)]
  2111 | D:3      | Mangled by a gnoll

Illustrated notes

Levels and vault maps discovered:
D:1:      lightli_molten_gateway, layout_basic, serial_shops, shop
D:2:      layout_basic, ebering_ecumenical_altar_mist
D:3:      layout_rooms, general_overflow_altar, serial_shops, shop,
          amcnicky_mini_pool_small

Skill      XL: |  1  2  3  4  5 |
---------------+----------------+-----
Long Blades    | 4 5 6 7 |  7.6
Fighting       | |  2.4
Dodging        | |  2.1
Spellcasting   | |  2.1
Conjurations   | |  3.2

Action                   |  1- 3 |  4- 6 || total
-------------------------+-------+-------++-------
Melee: Falchion          |    96 |       ||    96
       Short sword       |    34 |   144 ||   178
       Punch             |     1 |     1 ||     2
Throw: Javelin           |       |     7 ||     7
       Boomerang         |       |     2 ||     2
 Abil: Hop               |       |     2 ||     2
  Use: Potion            |       |     4 ||     4
Armor: Leather armour    |    18 |       ||    18
       Ring mail         |    28 |    26 ||    54
       Skin              |       |    19 ||    19
Dodge: Dodged            |    88 |    41 ||   129

Table legend: (Time is in decaauts)
 A = Elapsed time spent in this place.
 B = Non-inter-level travel time spent in this place.
 C = Inter-level travel time spent in this place.
 D = Time resting spent in this place.
 E = Time spent auto-exploring this place.
 F = Levels seen in this place.
 G = Mean time per level.
                   A        B        C        D        E       F      G
               +--------+--------+--------+--------+--------+-----+--------+
         Total |   2296 |   2225 |     71 |    373 |   1256 |   3 |  765.3 |
       Dungeon |   2296 |   2225 |     71 |    373 |   1256 |   3 |  765.3 |
               +--------+--------+--------+--------+--------+-----+--------+

Top non-repeatable levels by time:
     D:2: 901 daAuts
     D:1: 838 daAuts
     D:3: 556 daAuts
